Unix NetHack Version 5.0.0-0 post-release - last build May  3 2026 23:40:34 (9823c992c0763bbd039eca2974112f46eaf799b3,branch:main).

Game began 2026-05-04 10:58:09, ended 2026-05-04 11:13:40.

23881750910, lawful female human Valkyrie

                                          ---    ----
                                        ---.--   |..|
                                       --....| ---..--         -----
                          --           |.....| |...%.-----------...|
                          |. -----------....----......."...<.......----
                          -..@^.........................------........|  -----
              -..................-------..............---    |....---.|  |...|
                  `   ---.................................-  ------ |.|  |...|
                        -------.-------....................-        |.|  |.---
                              ---     --..........(.........-       |.|  |.|
                                       -.....|......----.--...|     |.-- |)---
                                      .......|-....--   -- --.-     |..|--...|
                                   .........--|...--                --.--.[..|
                                 ..........-- |...|                  |.......|
                              .....`....----  |...|                  ------..|
                           ......  .....      |...-                       ----
                          |....  ....---      --...
                          --.  .....-          |...
                           --....---           ----
                             -..-
                             ---
23881750910 the Skirmisher  St:16 Dx:13 Co:18 In:7 Wi:10 Ch:11  Lawful
Dlvl:4  $:88 HP:0(38) Pw:9(9) AC:6  Xp:4 T:1472  Blind Deaf

Latest messages:
 You kill the gnome!
 Really step into that web? [yn] (n) y
 You stumble into a spider web!
 You disentangle yourself.
 The gnome lord hurls an effervescent potion!
 The carafe crashes on your head and breaks into shards.
 The effervescent potion evaporates.
 It suddenly gets dark.
 You can see again.
 You hit the gnome lord.
 The gnome lord hits!
 You hit the gnome lord.
 The gnome lord hits!
 You miss the gnome lord.
 You hit the gnome lord.
 You kill the gnome lord!
 Welcome to experience level 4.
 You miss the gnome.
 You hit the gnome!
 You kill the gnome!
 You see here a gnome corpse.
 You are momentarily blinded by a flash of light!
 You hear a deafening roar!
 Wait!  There's something there you can't see!
 It bites!
 It hits!
 You miss it.
 It bites!
 It bites!
 It just misses!
 You kill it!
 It hits!
 It hits!
 You hit it.
 It hits!
 It hits!
 It bites!
 It bites!
 You try to feel what is lying here on the floor.
 You feel here a fox corpse.
 It hits!
 It hits!
 Wait!  There's something there you can't see!
 It hits!
 You die...
 Do you want your possessions identified? [ynq] (y) n
 Do you want to see your attributes? [ynq] (y) n
 Do you want an account of creatures vanquished? [ynaq] (y) n
 Do you want to see your conduct and achievements? [ynq] (y) n
 Do you want to see the dungeon overview? [ynq] (y) n

Inventory:
 Coins    ('$')
  $ - 88 gold pieces
 Weapons  (')')
  j - 19 +0 arrows
  m - a +0 bow
  b - a +0 dagger (alternate weapon; not wielded)
  a - a +1 spear (weapon in right hand)
 Armor    ('[')
  c - an uncursed +3 small shield (being worn)
  f - an uncursed +0 studded leather armor
 Comestibles  ('%')
  g - an uncursed banana
  h - 3 uncursed food rations
  e - an uncursed lichen corpse
 Scrolls  ('?')
  l - an uncursed scroll of teleportation
 Rings    ('=')
  i - an uncursed +1 ring of increase accuracy
 Tools    ('(')
  k - a cursed mirror

23881750910 the Valkyrie's attributes:

Background:
 You were a Skirmisher, a level 4 human Valkyrie.
 You were lawful, nominally on a mission for Tyr
 who was opposed by Odin (neutral) and Loki (chaotic).
 You were right-handed.
 You were in the Gnomish Mines, on level 4.
 You entered the dungeon 1472 turns ago.
 There was a full moon in effect when your adventure ended.
 You had 101 experience points, 59 more were needed to attain level 5.

Basics:
 You had 0 out of 38 hit points.
 You had all 9 energy points (spell power).
 Your armor class was 6.
 Your wallet contained 88 zorkmids.
 Autopickup was off.

Final Characteristics:
 Your strength was 16 (limit:18/100).
 Your dexterity was 13 (limit:18).
 Your constitution was 18 (limit:18).
 Your intelligence was 7 (limit:18).
 Your wisdom was 10 (limit:18).
 Your charisma was 11 (limit:18).

Final Status:
 You were temporarily blind.
 You were deaf.
 You weren't hungry.
 You were unencumbered.
 You were wielding a spear.
 You had basic skill with spear.

Final Attributes:
 You were devoutly aligned.
 You were cold resistant.
 You were stealthy.
 You were lucky.
 You are dead.

Miscellaneous:
 You didn't encounter any bones levels.
 Total elapsed playing time was 15 minutes and 30 seconds.

Major events:
 Turn
    1: 23881750910 the lawful human Valkyrie entered the dungeon
 1226: attained the rank of Skirmisher (level 3)
 1296: entered the Gnomish Mines
 1472: killed by a hill orc

You didn't know any spells.

Skills:
 Fighting Skills
   bare handed combat [Unskilled]
   two weapon combat  [Unskilled]
   riding             [Unskilled]
 Weapon Skills
   dagger             [Basic]
   axe                [Unskilled]
   pick-axe           [Unskilled]
   short sword        [Unskilled]
   broadsword         [Unskilled]
   long sword         [Unskilled]
   two-handed sword   [Unskilled]
   saber              [Unskilled]
   hammer             [Unskilled]
   quarterstaff       [Unskilled]
   polearms           [Unskilled]
   spear              [Basic]
   trident            [Unskilled]
   lance              [Unskilled]
   sling              [Unskilled]
 Spellcasting Skills
   attack spells      [Unskilled]
   escape spells      [Unskilled]

Voluntary challenges:
 Character rerolling was not enabled.
 You followed a strict vegan diet.
 You were an atheist.
 You were illiterate.
 You never genocided any monsters.
 You never polymorphed an object.
 You never changed form.
 You used no wishes.
Achievements:
 You entered a shop.
 You attained the rank of Skirmisher.
 You entered the Gnomish Mines.

 The Dungeons of Doom: levels 1 to 3
    Level 1:
    Level 2:
       A general store.
    Level 3:
       A general store, an altar, some fountains.
       Stairs down to The Gnomish Mines.
 The Gnomish Mines:
    Level 4: <- You were here.
       Final resting place for
          you, killed by a hill orc.


Vanquished creatures:
  a gnome leader
  a little dog
 an orc zombie
 an acid blob
  a gas spore
  a cave spider
  a green mold
  5 gnomes
  a gnome zombie
  a jackal
  a fox
  a kobold
  2 goblins
  2 grid bugs
  3 lichens
  a kobold zombie
  4 newts
28 creatures vanquished.

No species were genocided or became extinct.

Game over:
                       ----------
                      /          \
                     /    REST    \
                    /      IN      \
                   /     PEACE      \
                  /                  \
                  |   23881750910    |
                  |      88 Au       |
                  | killed by a hill |
                  |       orc        |
                  |                  |
                  |                  |
                  |       2026       |
                 *|     *  *  *      | *
        _________)/\\_//(\/(/\)/\//\/|_)_______

Farvel 23881750910 the Valkyrie...

You died in The Gnomish Mines on dungeon level 4 with 634 points,
and 88 pieces of gold, after 1472 moves.
You were level 4 with a maximum of 38 hit points when you died.

